 Dungeon Crawl Stone Soup version 0.21-a0-591-g2314aa1 (webtiles) character file.

4 4thArraOfDagon the Caller (level 1, -1/14 HPs)
             Began as a Ghoul Summoner on Dec 22, 2017.
             Slain by a worm (8 damage)
             ... on level 2 of the Dungeon.
             The game lasted 00:00:53 (177 turns).

4thArraOfDagon the Caller (Ghoul Summoner)           Turns: 177, Time: 00:00:54

Health: -1/14      AC:  4    Str: 11    XL:     1   Next: 60%
Magic:  2/2        EV: 12    Int: 10    God:
Gold:   33         SH:  0    Dex:  9    Spells: 2/3 levels left

rFire    . . .     SeeInvis .     - Unarmed
rCold    + . .     Gourm    .   (no shield)
rNeg     + + +     Faith    .   g - +2 robe {MR+}
rPois    ∞         Spirit   .   (no helmet)
rElec    .         Reflect  .   (no cloak)
rCorr    .         Harm     .   (no gloves)
MR       +....                  (no boots)
Stlth    ++........             (no amulet)
HPRegen  0.00/turn              (no ring)
MPRegen  0.08/turn              (no ring)

@: rotting
A: rotting body, claws 1, carnivore, cold resistance 1, negative energy
resistance 3, inhibited regeneration, torment resistance, unbreathing
a: no special abilities


You were on level 2 of the Dungeon.
You were not hungry.

You visited 1 branch of the dungeon, and saw 3 of its levels.

You collected 33 gold pieces.

Inventory:

Armour
 a - a +0 robe
 g - a +2 robe of magic resistance (worn)
 h - a +0 pair of gloves
 i - a +0 ring mail
Scrolls
 d - a scroll of amnesia {unknown}
 e - a scroll of identify {unknown}
Potions
 f - a potion of agility {unknown}
Books
 b - a book of Callings

   Spells                             Type                      Level
   a - Summon Small Mammal            Summoning                    1
   b - Call Imp                       Summoning                    2
   c - Call Canine Familiar           Summoning                    3
   d - Summon Guardian Golem          Hexes/Summoning              3
   e - Summon Lightning Spire         Summoning/Air                4
   f - Summon Ice Beast               Ice/Summoning                4
Comestibles
 c - 2 rations


   Skills:
 - Level 1.7 Dodging
 - Level 2.1 Stealth
 * Level 1.2 Unarmed Combat
 - Level 1.7 Spellcasting
 - Level 3.6 Summonings


You had 2 spell levels left.
You knew the following spells:

 Your Spells              Type           Power        Failure   Level  Hunger
a - Summon Small Mammal   Summ           #...         8%          1    ##.....


Dungeon Overview and Level Annotations

Branches:
Dungeon (3/15)

Altars:


Innate Abilities, Weirdness & Mutations

Your body is rotting away.
You thrive on raw meat.
You are immune to poison.
You have sharp fingernails.
You are carnivorous and can eat meat at any time.
Your flesh is cold resistant. (rC+)
You are immune to negative energy. (rN+++)
You do not regenerate when monsters are visible.
You are immune to unholy pain and torment.
You can survive without breathing.


Message History

A frilled lizard comes into view.
The frilled lizard hisses angrily.
Found a glowing white potion.
Found a stone staircase leading down.
Unknown command.
You see here a ration.
Unknown command.
c - 2 rations (gained 1)
You barely miss the worm. You scratch the worm but do no damage.
The worm barely misses you.
You scratch the worm.
The worm is moderately wounded.
You scratch the worm.
The worm is heavily wounded.
The worm bites you.
You scratch the worm.
The worm is heavily wounded.
The worm bites you!
Ouch! That really hurt!
You die...

..##.###.##..#
....##.# ##
..##..##.# #.
#..##.#
#!.##..##.##.###
#..l.............
#.####l##########
#w# #@# .......>#
##.######


You could see a worm and a frilled lizard.

Vanquished Creatures
  An orc (D:2)
  A bat (D:2)
  A kobold (D:2)
  A rat (D:2)
4 creatures vanquished.

Notes
Turn   | Place    | Note
-------+----------+-------------------------------------------
     0 | D:1      | 4thArraOfDagon the Ghoul Summoner began the quest for the Orb.
     0 | D:1      | Reached XP level 1. HP: 14/14 MP: 2/2
   135 | D:3      | Noticed an orc wizard
   142 | D:2      | Reached skill level 1 in Unarmed Combat
   177 | D:2      | Slain by a worm

Vault maps used:
D:1:      tarquinn_simple_flora_water_b, minmay_misc_feat_cross,
          minmay_liquid_box
D:2:      kennysheep_generic_room_13
D:3:      lemuel_upstairs_altar, lemuel_doored_altar, grunt_ministairs_11

Skill      XL: |  1 |
---------------+----+-----
Unarmed Combat | 1 |  1.2
Dodging        | |  1.7
Stealth        | |  2.1
Spellcasting   | |  1.7
Summonings     | |  3.6

Action                   || total
-------------------------++-------
Melee: Unarmed           ||    25
 Stab: Sleeping          ||     3
  Eat: Chunk             ||     3
Armor: Robe              ||     3
Dodge: Dodged            ||    14

Table legend:
 A = Spawn XP
 B = Non-spawn XP
 C = Spawn XP percentage of total XP
 D = Spawn monster count
 E = Non-spawn monster count
 F = Spawn count percentage of total count
 G = Total turns spent on level
                    A         B        C        D         E        F      G
               +---------+---------+-------+---------+---------+-------+---------
         Total |       0 |       6 |   0.0 |       0 |       4 |   0.0 |   177
               +---------+---------+-------+---------+---------+-------+---------
           D:2 |       0 |       6 |   0.0 |       0 |       4 |   0.0 |   145
               +---------+---------+-------+---------+---------+-------+---------
